 Dungeon Crawl Stone Soup version 0.17.1-3-g152610e (webtiles) character file.

211 kaze the Covered (level 5, -11/33 HPs)
             Began as a Gargoyle Fighter on Mar 30, 2016.
             Mangled by an ogre
             ... wielding a +0 giant club
              (18 damage)
             ... on level 4 of the Dungeon.
             The game lasted 00:04:23 (2501 turns).

kaze the Covered (Gargoyle Fighter)                 Turns: 2501, Time: 00:04:24

Health: -11/33     AC: 14    Str: 20    XL:     5   Next: 88%
Magic:  5/5        EV:  6    Int:  9    God:
Gold:   159        SH:  9    Dex:  9    Spells: 0 memorised, 4 levels left

rFire  . . .     SeeInvis .     a - +0 trident
rCold  . . .     Clarity  .     p - +0 chain mail
rNeg   + . .     SustAt   +     c - +0 shield
rPois  ∞         Gourm    .     (helmet restricted)
rElec  +         Spirit   .     (no cloak)
rCorr  .         Warding  .     x - +0 pair of gloves (curse)
rMut   .         Stasis   .     (no boots)
MR     .....                    (no amulet)
Stlth  ..........               r - ring of wizardry
                                n - ring of sustain attributes

@: not resistant to hostile enchantments, extremely unstealthy
A: claws 1, horns 1, deterioration 1, negative energy resistance 1, electricity
resistance, unbreathing, petrification resistance, rot immunity, AC +4
a: no special abilities


You were on level 4 of the Dungeon.
You were not hungry.

You visited 1 branch of the dungeon, and saw 4 of its levels.

You collected 159 gold pieces.

Inventory:

Hand Weapons
 a - a +0 trident (weapon)
Missiles
 C - 8 javelins (quivered)
Armour
 c - a +0 shield (worn)
 p - a +0 chain mail (worn)
 x - a cursed +0 pair of gloves (worn)
Jewellery
 n - a ring of sustain attributes (left hand)
 r - a ring of wizardry (right hand)
Wands
 v - a wand of frost (30)
 B - a wand of lightning (8)
Scrolls
 b - 2 scrolls of fog {unknown}
 f - 3 scrolls of enchant armour {unknown}
 g - 4 scrolls of identify {unknown}
 i - 3 scrolls of blinking {unknown}
 l - a scroll of random uselessness {unknown}
 m - 2 scrolls of amnesia {unknown}
 o - a scroll of remove curse {unknown}
 t - a scroll of teleportation {unknown}
 y - a scroll of enchant weapon {unknown}
Comestibles
 e - 5 bread rations
 q - a slice of pizza
 s - 3 meat rations
 z - 4 fruits


   Skills:
 + Level 4.1 Fighting
 + Level 2.6 Polearms
 + Level 4.5 Armour
 + Level 1.5 Dodging
 + Level 0.2 Stealth
 + Level 4.3 Shields


You had 4 spell levels left.
You didn't know any spells.

Dungeon Overview and Level Annotations

Branches:
Dungeon (4/15)
 Temple: D:4-7

Altars:
Gozag
Makhleb


Innate Abilities, Weirdness & Mutations

You are resistant to torment.
Your stone body is resilient (AC +4).
You are immune to poison.
You resist negative energy.
You are resistant to electric shocks.
You can survive without breathing.
You are immune to petrification.
You are immune to rotting.
You have sharp fingernails.
You have a pair of small horns on your head.
Your body sometimes deteriorates upon taking damage.


Message History

You are too injured to fight recklessly!
You are too injured to fight recklessly!
You are too injured to fight recklessly!
You are too injured to fight recklessly!
You are too injured to fight recklessly!
You are too injured to fight recklessly!
You are too injured to fight recklessly!
You are too injured to fight recklessly!
You are too injured to fight recklessly!
You are too injured to fight recklessly!
You are too injured to fight recklessly!
You are too injured to fight recklessly!
Unknown command.
You aren't carrying any potions.
Unknown command.
You hit the ogre. You headbutt the ogre.
The ogre is heavily wounded.
The ogre hits you with a giant club!!
Ouch! That really hurt!
You die...

###.# ##...##
.##.# ##..#..####
#.#.# ##..###....#
.##.###..## ##...#
........## ##..##
#......## ##..#
##....##
##+#####.#
##.#.............#
#..###.#.#####@##
#♣.♣ ......O.# ♣.♣
####.#### ♣.♣ ..
#. #


You could see an ogre.

Vanquished Creatures
  An ogre (D:4)
  4 adders
  An ooze (D:1)
  4 worms
  4 giant geckos
  An orc (D:3)
  7 giant cockroaches
  4 goblins (D:1)
  7 hobgoblins
  4 jackals (D:1)
  A quokka (D:2)
  2 ball pythons (D:3)
  9 bats
  3 giant newts
  A jackal skeleton (D:4)
  5 kobolds
  9 rats
67 creatures vanquished.

Notes
Turn   | Place    | Note
--------------------------------------------------------------
     0 | D:1      | kaze the Gargoyle Fighter began the quest for the Orb.
     0 | D:1      | Reached XP level 1. HP: 14/14 MP: 1/1
   120 | D:1      | Reached XP level 2. HP: 19/19 MP: 2/2
   293 | D:1      | Reached XP level 3. HP: 16/23 MP: 3/3
  1078 | D:2      | Reached skill level 4 in Fighting
  1196 | D:2      | Reached XP level 4. HP: 29/29 MP: 4/4
  1815 | D:3      | Reached skill level 1 in Dodging
  1899 | D:3      | Reached XP level 5. HP: 33/33 MP: 5/5
  2054 | D:3      | Found an opulent altar of Gozag.
  2054 | D:3      | Found a burning altar of Makhleb.
  2277 | D:4      | Noticed an ogre
  2287 | D:4      | Killed an ogre
  2292 | D:4      | Gained mutation: You have sharp fingernails. [potion of mutation]
  2292 | D:4      | Gained mutation: You have a pair of small horns on your head. [potion of mutation]
  2292 | D:4      | Gained mutation: Your body sometimes deteriorates upon taking damage. [potion of mutation]
  2497 | D:4      | Noticed an ogre
  2501 | D:4      | Mangled by an ogre

Action                   |  1- 3 |  4- 6 || total
-------------------------+-------+-------++-------
Melee: Trident           |   175 |   147 ||   322
  Use: Potion            |       |     9 ||     9
  Eat: Chunk             |     1 |     3 ||     4
       Bread ration      |       |     1 ||     1
